 Dungeon Crawl Stone Soup version 0.29.1 (webtiles) character file.

Game seed: 14022520137985863677

4 ILmort the Trooper (level 1, -1/18 HPs)
             Began as a Demonspawn Fighter on Sept 14, 2022.
             Slain by a quokka (4 damage)
             ... on level 1 of the Dungeon.
             The game lasted 00:00:38 (115 turns).

ILmort the Trooper (Demonspawn Fighter)              Turns: 115, Time: 00:00:39

Health: -1/18      AC:  7    Str: 16    XL:     1   Next: 50%
Magic:  1/1        EV:  8    Int:  9    God:
Gold:   5          SH:  4    Dex: 12    Spells: 0/0 levels left

rFire   . . .      SeeInvis .   a - +0 rapier
rCold   . . .      Faith    .   c - +0 buckler
rNeg    . . .      Spirit   .   b - +0 scale mail
rPois   .          Reflect  .   (no helmet)
rElec   .          Harm     .   e - +0 cloak
rCorr   .          Rampage  .   (no gloves)
Will    .....                   (no boots)
Stlth   ..........              (no amulet)
HPRegen 0.06/turn               (no ring)
MPRegen 0.07/turn               (no ring)

@: no status effects
A: no striking features
a: no special abilities


You were on level 1 of the Dungeon.
You visited 1 branch of the dungeon, and saw 1 of its levels.

You collected 5 gold pieces.

Inventory:

Hand Weapons
 a - a +0 rapier (weapon)
Armour
 b - a +0 scale mail (worn)
 c - a +0 buckler (worn)
 e - a +0 cloak (worn)
Potions
 d - a potion of might


   Skills:
 + Level 3.0 Fighting
 * Level 1.9 Short Blades
 + Level 2.7 Armour
 + Level 2.7 Shields


You couldn't memorise any spells.
You didn't know any spells.
Your spell library was empty.

Dungeon Overview and Level Annotations

Branches:
Dungeon (1/15)

Altars:


Message History

You are too injured to fight recklessly!
You are too injured to fight recklessly!
You are too injured to fight recklessly!
You are too injured to fight recklessly!
You are too injured to fight recklessly!
You are too injured to fight recklessly!
You are too injured to fight recklessly!
You are too injured to fight recklessly!
The ball python attacks as you move away!
You block the ball python's attack. The ball python barely misses you.
The quokka attacks as you move away! The quokka barely misses you.
You closely miss the ball python. You block the ball python's attack.
The ball python grabs you. The ball python constricts you.
The quokka bites you. The ball python barely misses you.
The ball python constricts you.
You closely miss the ball python.
The quokka bites you but does no damage.
The ball python bites you but does no damage.
The ball python constricts you.
The quokka bites you but does no damage.
You barely miss the ball python. You block the ball python's attack.
The ball python constricts you. You block the quokka's attack.
The ball python barely misses you. The ball python constricts you.
You hit the ball python.
You kill the ball python!
The bat hits you but does no damage. You block the quokka's attack.
The bat hits you but does no damage. The quokka closely misses you.
You block the bat's attack.
You see here a ball python corpse.
You barely miss the quokka. The bat closely misses you.
The quokka barely misses you. x2
You barely miss the quokka. The bat hits you but does no damage.
The quokka bites you.
You barely miss the quokka. The bat barely misses you. The quokka bites you.
* * * LOW HITPOINT WARNING * * *
The quokka bites you.
* * * LOW HITPOINT WARNING * * *
You hit the quokka but do no damage. The bat hits you but does no damage.
The quokka bites you.
You die...

...........######
#..................
###........†..#######
.............#
#...........#
#..........#
#...###.##.#
####..b###.##.#
.......@....#..
#####.#r)...#...
.........# ###
...........#
............#
............#
...........##
...........


You could see a quokka and a bat.

Vanquished Creatures
  A giant cockroach (D:1)
  A goblin (D:1)
  A ball python (D:1)
  A rat (D:1)
4 creatures vanquished.

Notes
Turn   | Place    | Note
-------+----------+-------------------------------------------
     0 | D:1      | ILmort the Demonspawn Fighter began the quest for the Orb.
     0 | D:1      | Reached XP level 1. HP: 18/18 MP: 1/1
   115 | D:1      | Slain by a quokka

Illustrated notes

Levels and vault maps discovered:
D:1:      evilmike_arrival_hilbert_curve, layout_basic, chequers_avenue

Action                   || total
-------------------------++-------
Melee: Rapier            ||    17
Armor: Scale mail        ||    16
Dodge: Dodged            ||    16
Block: Buckler           ||     7
